 Seeded DCSS version 0.29.1-15-g9cfb28693d (webtiles) character file.

Game seed: 15822848163574757677 (custom seed)

642 kingofthe the Magician (level 7, -4/36 HPs)
             Began as a Deep Elf Conjurer on Mar 9, 2023.
             Was an Initiate of Sif Muna.
             Slain by Duvessa
             ... wielding a +0 rapier
              (8 damage)
             ... on level 4 of the Dungeon.
             The game lasted 00:09:43 (4338 turns).

kingofthe the Magician (Deep Elf Conjurer)          Turns: 4338, Time: 00:09:44

Health: -4/36      AC:  3    Str:  4    XL:     7   Next: 26%
Magic:  22/28      EV: 13    Int: 23    God:    Sif Muna [......]
Gold:   238        SH:  0    Dex: 15    Spells: 11/19 levels left

rFire   . . .      SeeInvis .   a - staff of conjuration {!a}
rCold   . . .      Faith    .   (no shield)
rNeg    . . .      Spirit   .   v - +0 robe
rPois   .          Reflect  .   (no helmet)
rElec   .          Harm     .   (no cloak)
rCorr   .          Rampage  .   h - +0 pair of gloves
Will    .....                   (no boots)
Stlth   ++........              (no amulet)
HPRegen 0.12/turn               M - ring of magical power
MPRegen 0.21/turn               (no ring)

@: no status effects
A: no striking features
a: Renounce Religion


You were on level 4 of the Dungeon.
You worshipped Sif Muna.
Sif Muna was noncommittal.
You visited 1 branch of the dungeon, and saw 4 of its levels.

You collected 238 gold pieces.


   Skills:
 - Level 3.5 Dodging
 - Level 3.0 Stealth
 + Level 6.8 Spellcasting
 + Level 6.7 Conjurations
 * Level 4.2 Hexes


You had 11 spell levels left.
You knew the following spells:

 Your Spells              Type           Power      Damage    Failure   Level
a - Magic Dart            Conj           100%       1d8       1%          1
b - Searing Ray           Conj           100%       2d8       1%          2
c - Foxfire               Conj/Fire      100%       2x1d9     1%          1
d - Fulminant Prism       Conj/Hex       24%        3d13      9%          4

Your spell library contained the following spells:

 Spells                   Type           Power      Damage    Failure   Level
 Dazzling Flash           Conj/Hex       98%        N/A       2%          3
 Conjure Flame            Conj/Fire      35%        6-21      6%          3
 Stone Arrow              Conj/Erth      70%        3d11      6%          3
 Inner Flame              Hex/Fire       17%        N/A       10%         3
 Mephitic Cloud           Conj/Pois/Air  27%        N/A       10%         3
 Portal Projectile        Hex/Tloc       34%        N/A       10%         3
 Flame Wave               Conj/Fire      35%        2d10      19%         4
 Iskenderun's Mystic Bla  Conj/Tloc      35%        2d8       19%         4
 Call Canine Familiar     Summ           7%         N/A       24%         3
 Ignite Poison            Fire/Tmut/Pois 7%         N/A       24%         3
 Leda's Liquefaction      Hex/Erth       8%         N/A       32%         4
 Animate Armour           Summ/Erth      14%        N/A       61%         4
 Freezing Cloud           Conj/Ice/Air   13%        6-21      65%         5
 Lehudib's Crystal Spear  Conj/Erth      17%        10d5      100%        8

Inventory:

Missiles
 m - a throwing net {=f}
Armour
 h - a +0 pair of gloves (worn)
 j - the +1 ring mail "Vuekuas" {Will+ Str+3}
   (You found it on level 2 of the Dungeon)

   Str:       It affects your strength (+3).
   Will:      It increases your willpower.
 p - the +3 scale mail of the Viny Hot Ocelot {rElec rPois Stlth+}
   (You found it on level 3 of the Dungeon)

   rElec:     It insulates you from electricity.
   rPois:     It protects you from poison.
   Stlth:     It makes you more stealthy.
 u - the +2 buckler of the Wasteland {+Inv Dex+2 Stlth-}
   (You found it on level 4 of the Dungeon)

   Dex:       It affects your dexterity (+2).
   +Inv:      It lets you turn invisible.
   Stlth:     It makes you less stealthy.
 v - a +0 robe (worn)
Magical Staves
 a - a staff of conjuration (weapon) {!a}
 b - a staff of fire {!a}
 c - a staff of cold {!a}
Jewellery
 M - a ring of magical power (left hand)
Wands
 k - a wand of quicksilver (2)
Scrolls
 f - 2 scrolls of vulnerability {unknown}
 g - a scroll of brand weapon {unknown}
 i - 2 scrolls of teleportation {unknown}
 o - a scroll of noise {unknown}
 s - 2 scrolls of amnesia {unknown}
 x - 6 scrolls of identify {unknown}
Potions
 d - 3 potions of haste {unknown}
 e - a potion of experience {unknown}
 l - a potion of curing {unknown}
 n - 2 potions of mutation {unknown}
 q - a potion of degeneration {unknown}
 r - a potion of flight {unknown}
 t - 2 potions of ambrosia {unknown}
 w - a potion of magic

Dungeon Overview and Level Annotations

Branches:
Dungeon (4/15)
 Temple: D:4-7

Altars:
Sif Muna
Trog
Zin

Annotations:
D:4 Duvessa

..##################.......... #
.## #.................... .#
.###### #..)........####.......#
......##............## ......#
...<................# ....#
...#######..........#######...#
....### #..........##.....e..#
....<.####.....v§...##.)....(.#
...##..........v@................
...#######.....§.e.............##
#### #...........#.....[...#
###....###(..#######..# #####
######.##.# ###..## #.## ....#
#......##... ##..## #.# ###.#
#.#######.....##...####.# #.###.#
#.....##e#...##.# ###.#...##
#.....##.###..>.###


You could see Duvessa (berserk, ally target).


Message History

The foxfire hits Duvessa but does no damage.
Duvessa is moderately wounded.
Duvessa barely misses you.
Casting: Foxfire (safe; 1% risk of failure)
Confirm with . or Enter, or press ? or * to list all spells.
You feel a surge of power!
You conjure some foxfire!
The foxfire hits Duvessa but does no damage.
Duvessa is moderately wounded.
The foxfire hits Duvessa.
Duvessa is moderately wounded.
Duvessa barely misses you. Duvessa hits you with a +0 rapier.
Casting: Foxfire (safe; 1% risk of failure)
Confirm with . or Enter, or press ? or * to list all spells.
You feel a surge of power!
You conjure some foxfire!
The foxfire hits Duvessa but does no damage.
Duvessa is moderately wounded.
The foxfire hits Duvessa.
Duvessa is heavily wounded.
Duvessa hits you with a +0 rapier!
* * * LOW HITPOINT WARNING * * *
Casting: Foxfire (safe; 1% risk of failure)
Confirm with . or Enter, or press ? or * to list all spells.
You feel a surge of power!
You conjure some foxfire!
The foxfire hits Duvessa.
Duvessa is heavily wounded.
The foxfire hits Duvessa but does no damage.
Duvessa is heavily wounded.
Duvessa hits you with a +0 rapier!
* * * LOW HITPOINT WARNING * * *
Duvessa hits you with a +0 rapier!
You die...

Skill      XL: |  1  2  3  4  5  6  7 |
---------------+----------------------+-----
Dodging        | 3 |  3.5
Spellcasting   | 4 6 |  6.8
Stealth        | 3 |  3.0
Conjurations   | 5 6 |  6.7
Hexes          | 3 4 |  4.2

Action                   |  1- 3 |  4- 6 |  7- 9 || total
-------------------------+-------+-------+-------++-------
Melee: Unarmed           |     1 |       |       ||     1
 Cast: Magic Dart        |    71 |    35 |     2 ||   108
       Foxfire           |     3 |    38 |    23 ||    64
       Searing Ray       |     3 |     5 |     3 ||    11
Armor: Robe              |       |     2 |     2 ||     4
Dodge: Dodged            |    13 |     5 |    29 ||    47

Levels and vault maps discovered:
D:1:      heliophobic_arrival_enchanted_forest, layout_loops_ring,
          minmay_misc_feat_enclosed, minmay_tromino_v4_a
D:2:      kennysheep_big_flooded_room, layout_rooms, kennysheep_generic_room_13
D:3:      layout_loops_corners, zin_statuary, mainiacjoe_overflow_boulevard,
          mainiacjoe_overflow_six_doors_small, guppyfry_early_lair_pool,
          uniq_jessica
D:4:      layout_rooms, uniq_duvessa

Notes
Turn   | Place    | Note
-------+----------+-------------------------------------------
     0 | D:1      | kingofthe the Deep Elf Conjurer began the quest for the
                  | Orb.
     0 | D:1      | Reached XP level 1. HP: 10/10 MP: 6/6
   232 | D:1      | Reached XP level 2. HP: 15/15 MP: 5/8
   235 | D:1      | Learned a level 2 spell: Searing Ray
   600 | D:1      | Reached skill level 3 in Dodging
   713 | D:1      | Reached XP level 3. HP: 19/19 MP: 3/10
  1062 | D:1      | HP: 1/19 [quokka (3)]
  1517 | D:2      | Reached skill level 4 in Spellcasting
  1583 | D:2      | Identified the +1 ring mail "Vuekuas" {Will+ Str+3}
  1708 | D:2      | Reached skill level 3 in Stealth
  1787 | D:2      | Learned a level 1 spell: Foxfire
  1926 | D:3      | Noticed Jessica
  1940 | D:3      | Killed Jessica
  1941 | D:3      | Reached skill level 5 in Conjurations
  1941 | D:3      | Reached XP level 4. HP: 13/24 MP: 6/12
  2288 | D:3      | Found a bloodstained altar of Trog.
  2367 | D:3      | Identified the +3 scale mail of the Viny Hot Ocelot {rElec
                  | rPois Stlth+}
  2692 | D:3      | Found a shimmering blue altar of Sif Muna.
  2697 | D:3      | Became a worshipper of Sif Muna the Loreminder
  2801 | D:3      | Found a glowing silver altar of Zin.
  3174 | D:4      | Reached XP level 5. HP: 28/28 MP: 9/14
  3179 | D:4      | Noticed Dowan
  3235 | D:4      | Reached skill level 5 in Spellcasting
  3325 | D:4      | Noticed an ogre
  3342 | D:4      | Killed an ogre
  3343 | D:4      | Reached skill level 6 in Spellcasting
  3343 | D:4      | Reached skill level 6 in Conjurations
  3343 | D:4      | Reached XP level 6. HP: 32/32 MP: 10/17
  3351 | D:4      | Learned a level 4 spell: Fulminant Prism
  3444 | D:4      | Reached skill level 1 in Hexes
  3757 | D:4      | Reached skill level 2 in Hexes
  3942 | D:4      | Reached skill level 3 in Hexes
  3942 | D:4      | Reached XP level 7. HP: 36/36 MP: 7/18
  3944 | D:4      | Identified the +2 buckler of the Wasteland {+Inv Dex+2
                  | Stlth-}
  4037 | D:4      | Killed Dowan
  4211 | D:4      | Reached skill level 4 in Hexes
  4328 | D:4      | Noticed Duvessa
  4338 | D:4      | Slain by Duvessa

Vanquished Creatures
  2 ogres (D:4)
  2 phantoms (D:4)
  2 scorpions (D:4)
  Dowan (D:4)
  Jessica (D:3)
  An iguana (D:4)
  3 adders
  A worm (D:2)
  3 dart slugs
  4 orcs (D:3)
  8 endoplasms
  A giant cockroach (D:1)
  9 goblins
  5 hobgoblins
  4 jackals (D:3)
  4 quokkas
  10 ball pythons
  3 bats
  4 frilled lizards (D:1)
  9 kobolds
  2 rats (D:1)
79 creatures vanquished.

Vanquished Creatures (others)
  111 foxfires
  2 plants (D:3)
113 creatures vanquished.

Grand Total: 192 creatures vanquished

Table legend: (Time is in decaauts)
 A = Elapsed time spent in this place.
 B = Non-inter-level travel time spent in this place.
 C = Inter-level travel time spent in this place.
 D = Time resting spent in this place.
 E = Time spent auto-exploring this place.
 F = Levels seen in this place.
 G = Mean time per level.
                   A        B        C        D        E       F      G
               +--------+--------+--------+--------+--------+-----+--------+
         Total |   4337 |   4155 |    182 |    476 |   3072 |   4 | 1084.2 |
       Dungeon |   4337 |   4155 |    182 |    476 |   3072 |   4 | 1084.2 |
               +--------+--------+--------+--------+--------+-----+--------+

Top non-repeatable levels by time:
     D:1: 1346 daAuts
     D:3: 1227 daAuts
     D:4: 1198 daAuts
     D:2: 564 daAuts

Table legend:
 A = Non-vault XP
 B = Vault XP
 C = Vault XP percentage of total XP
 D = Non-vault monster count
 E = Vault monster count
 F = Vault count percentage of total count
                 A         B        C        D         E       F
            +---------+---------+-------+---------+---------+-------
      Total |     807 |     111 |  12.1 |      71 |       8 |  10.1
            +---------+---------+-------+---------+---------+-------
        D:1 |      49 |       6 |  10.9 |      29 |       4 |  12.1
        D:2 |      31 |       2 |   6.1 |       8 |       2 |  20.0
        D:3 |      36 |      37 |  50.7 |      15 |       1 |   6.2
        D:4 |     691 |      66 |   8.7 |      19 |       1 |   5.0
            +---------+---------+-------+---------+---------+-------
